 Dungeon Crawl Stone Soup version 0.15-a0-1230-gf41e293 (webtiles) character file.

228 BluebellGnoll the Sneak (level 5, 0/25 HPs)
             Began as a Spriggan Warper on June 3, 2014.
             Succumbed to an adder's poison
             ... on Level 3 of the Dungeon.
             The game lasted 00:32:56 (4051 turns).

BluebellGnoll the Sneak (Spriggan Warper)           Turns: 4051, Time: 00:32:57

HP   0/25        AC  2     Str  7      XL: 5   Next: 70%
MP  11/16        EV 24     Int 16      God:
Gold 215         SH  0     Dex 20      Spells:  5 memorised,  0 levels left

rFire  . . .     SeeInvis +     a - +0 short sword
rCold  . . .     Clarity  .     b - +0 robe
rNeg   . . .     rCorr    .     (shield restricted)
rPois  .         rRot     .     (helmet restricted)
rElec  .         Spirit   .     (no cloak)
SustAb .         Warding  .     (gloves unavailable)
rMut   .         Stasis   .     (boots unavailable)
Gourm  .                        (no amulet)
MR     +....                    (no ring)
                                r - cursed ring of protection from magic

@: agile, lethally poisoned, shrouded, very quick, somewhat resistant to hostile
enchantments, quite stealthy
A: unfitting armour, see invisible, herbivore 3, speed 3, slow metabolism 2
a: no special abilities


You were on level 3 of the Dungeon.
You were very hungry.

You visited 1 branch of the dungeon, and saw 3 of its levels.

You collected 215 gold pieces.

Inventory:

Hand weapons
 a - a +0,+0 short sword (weapon)
Missiles
 i - 20 sling bullets
Armour
 b - a +0 robe (worn)
Magical devices
 j - a wand of digging (0)
Comestibles
 n - a royal jelly
 q - 2 bread rations
Scrolls
 d - a scroll of blinking
 g - 2 scrolls of teleportation
 h - a scroll of noise {unknown}
 o - a scroll of fear
Jewellery
 p - an uncursed ring of fire
 r - a cursed ring of protection from magic (left hand)
Potions
 f - a potion of porridge
 k - a potion of degeneration {unknown}
Books
 c - a book of Spatial Translocations

   Spells                             Type                      Level
   *Apportation                       Translocation                1
   *Blink                             Translocation                2
   *Shroud of Golubria                Charms/Translocation         2
   *Portal Projectile                 Translocation                3
   *Teleport Other                    Translocation                3
   Passage of Golubria                Translocation                4


   Skills:
 - Level 1.5 Fighting
 - Level 2.7 Short Blades
 - Level 1.1 Throwing
 - Level 3.5 Dodging
 + Level 6.4 Stealth
 - Level 3.6 Spellcasting
 - Level 2.4 Charms
 + Level 5.2 Translocations


You couldn't memorise any spells.
You knew the following spells:

 Your Spells              Type           Power        Failure   Level  Hunger
a - Apportation           Tloc           ###.......   1%          1    None
b - Blink                 Tloc           N/A          3%          2    ##.....
c - Shroud of Golubria    Chrm/Tloc      ###.......   8%          2    ##.....
d - Teleport Other        Tloc           ###.....     8%          3    ###....
e - Portal Projectile     Tloc           ###...       8%          3    ###....


Dungeon Overview and Level Annotations

Branches:
Dungeon (3/15)

Altars:
Elyvilon
Gozag


Innate Abilities, Weirdness & Mutations

You are tiny and cannot use many weapons and most armour.
You have supernaturally acute eyesight.
You are a herbivore.
You cover ground extremely quickly.
You need consume almost no food.


Message History

Space distorts slightly along a thin shroud covering your body.
* * * LOW HITPOINT WARNING * * *
You feel sick.
Your shroud bends the adder's attack away.
Firing (i - inventory): No suitable missiles.
Press: ? - help, Shift-Dir - straight line, f/p - adder
Aim: an adder (heavily wounded)
Okay, then.
Unknown command.
Drink which item? (? for menu, Esc to quit)
Okay, then.
Casting: Shroud of Golubria
Confirm with . or Enter, or press ? or * to list all spells.
You blink.
* * * LOW HITPOINT WARNING * * *
You feel sick.
Drink which item? (? for menu, Esc to quit)
You feel agile all of a sudden.
It was a potion of agility.
You die...

#. #.######.# #. ##.##
#.# #. #...# #.#
##.############...### #.#
#....(..............# #.#
#..####.....S.......# #.#
#..####.####........###.#
#.......## #)##...###...#
#.####...###@##...# #.###
#.###.....##.###### #.#
#...............# #.#
#####..)..#####.# #.#
##.........###.### #.#
#....<...........# #.#
#.....<....###.#.# #.#
#.##.....### #.#.# #.#
#.###...## #.#.###.#


You could see an adder.

Vanquished Creatures
  An orc priest (D:3)
  An orc wizard (D:3)
  A gnoll (D:1)
  6 adders
  3 worms
  3 giant geckos
  2 oozes (D:1)
  7 orcs (D:3)
  3 giant cockroaches
  5 hobgoblins
  7 jackals
  3 quokkas
  A ball python (D:3)
  9 bats
  3 giant newts
  6 goblins
  12 kobolds
  7 rats
80 creatures vanquished.

Notes
Turn   | Place    | Note
--------------------------------------------------------------
     0 | D:1      | BluebellGnoll, the Spriggan Warper, began the quest for the Orb.
     0 | D:1      | Reached XP level 1. HP: 10/10 MP: 4/4
    21 | D:1      | Reached skill level 1 in Stealth
   149 | D:1      | Reached XP level 2. HP: 14/14 MP: 7/7
   168 | D:1      | Learned a level 2 spell: Blink
   171 | D:1      | Learned a level 2 spell: Shroud of Golubria
   411 | D:1      | Reached XP level 3. HP: 18/18 MP: 9/9
   977 | D:2      | Reached skill level 5 in Stealth
  1015 | D:2      | Found a white marble altar of Elyvilon.
  1293 | D:2      | Reached skill level 1 in Charms
  1293 | D:2      | Reached XP level 4. HP: 22/22 MP: 7/13
  1408 | D:2      | Learned a level 3 spell: Teleport Other
  2262 | D:3      | Found an opulent altar of Gozag.
  2301 | D:3      | Reached XP level 5. HP: 23/25 MP: 16/16
  2309 | D:3      | Learned a level 3 spell: Portal Projectile
  3301 | D:3      | Reached skill level 6 in Stealth
  3558 | D:3      | Reached skill level 5 in Translocations
  4050 | D:3      | HP: 1/25 [poisoned by an adder]
  4051 | D:3      | Succumbed to an adder's poison

Action                   |  1- 3 |  4- 6 || total
-------------------------+-------+-------++-------
Melee: Short sword       |   101 |   211 ||   312
Throw: Tomahawk          |    26 |    28 ||    54
 Cast: Apportation       |    12 |    15 ||    27
       Shroud of Golubri |     5 |    18 ||    23
       Portal Projectile |       |     4 ||     4
       Blink             |       |     2 ||     2
Evoke: Wand              |     1 |       ||     1
  Use: Scroll            |       |     6 ||     6
       Potion            |       |     4 ||     4
 Stab: Sleeping          |     8 |     4 ||    12
       Distracted        |     1 |     1 ||     2
